 Dungeon Crawl Stone Soup version 0.20-a0-553-g9f38e11 (webtiles) character file.

33880 kae the Fencer (level 13, 0/119 HPs)
             Began as a Minotaur Fighter on Feb 3, 2017.
             Was a High Priest of Okawaru.
             Succumbed to a black mamba's poison
             ... on level 6 of the Lair of Beasts on Feb 4, 2017.
             The game lasted 00:28:58 (22708 turns).

kae the Fencer (Minotaur Fighter)                  Turns: 22708, Time: 00:28:58

Health: 0/119      AC: 15    Str: 23    XL:     13   Next: 39%
Magic:  16/18      EV: 13    Int:  7    God:    Okawaru [*****.]
Gold:   845        SH:  0    Dex: 13    Spells: 12/12 levels left

rFire    . . .     SeeInvis .   Z - +3 great sword (slice)
rCold    . . .     Gourm    .   b - +0 scale mail
rNeg     + + .     Faith    +   (shield currently unavailable)
rPois    .         Spirit   .   (helmet restricted)
rElec    .         Reflect  .   j - +0 cloak of Cefahoax {MR+ Dex+2}
rCorr    .         Harm     .   i - +1 pair of gloves
MR       +....                  (no boots)
Stlth    +.........             o - amulet of faith
Regen    0.3/turn               u - ring of positive energy
                                A - ring of positive energy

@: lethally poisoned (0 -> -104), heroism
A: retaliatory headbutt, horns 2
a: Heroism, Finesse, Renounce Religion


You were on level 6 of the Lair of Beasts.
You worshipped Okawaru.
Okawaru was extremely pleased with you.
You were hungry.

You visited 3 branches of the dungeon, and saw 18 of its levels.
You also visited: Ice Cave.

You collected 1180 gold pieces.
You spent 335 gold pieces at shops.

Inventory:

Hand Weapons
 Z - a +3 great sword of slicing (weapon)
Missiles
 L - 4 throwing nets (quivered)
Armour
 b - a +0 scale mail (worn)
 i - a +1 pair of gloves (worn)
 j - the +0 cloak of Cefahoax (worn) {MR+ Dex+2}
   (Okawaru gifted it to you in an ice cave)

   It affects your dexterity (+2).
   It affects your resistance to hostile enchantments.
 T - a +0 cloak of cold resistance
 W - a +0 shield of protection
Jewellery
 o - an amulet of faith (around neck)
 u - a ring of positive energy (right hand)
 A - a ring of positive energy (left hand)
 K - an uncursed ring of protection from fire
 Q - an uncursed ring of ice
Wands
 l - a wand of iceblast (5/15)
 r - a wand of digging (14/24)
 C - a wand of iceblast (4/15)
 H - a wand of polymorph (11/24)
 N - a wand of paralysis (14/24)
 O - a wand of flame (19/48)
 R - a wand of iceblast (11/15)
Scrolls
 c - a scroll of enchant armour
 h - 8 scrolls of remove curse
 p - 6 scrolls of teleportation
 y - a scroll of recharging
 B - 3 scrolls of amnesia
 F - 4 scrolls of identify
 I - a scroll of enchant weapon
 X - 2 scrolls of fear
Potions
 e - 2 potions of haste
 m - 2 potions of flight
 q - 2 potions of lignification
 t - 4 potions of brilliance
 v - 2 potions of heal wounds
 z - a potion of ambrosia
 D - 3 potions of mutation
 E - 9 potions of curing
 U - a potion of cure mutation
 V - a potion of agility
Books
 d - a book of Geomancy

   Spells                             Type                      Level
   a - Sandblast                      Earth                        1
   b - Passwall                       Transmutation/Earth          2
   c - Stone Arrow                    Conjuration/Earth            3
   d - Petrify                        Transmutation/Earth          4
   e - Lee's Rapid Deconstruction     Earth                        5
 w - a book of Minor Magic

   Spells                             Type                      Level
   a - Magic Dart                     Conjuration                  1
   b - Blink                          Translocation                2
   c - Call Imp                       Summoning                    2
   d - Repel Missiles                 Charms/Air                   2
   e - Slow                           Hexes                        2
   f - Conjure Flame                  Conjuration/Fire             3
   g - Mephitic Cloud                 Conjuration/Poison/Air       3
 J - a book of Fire

   Spells                             Type                      Level
   a - Ignite Poison                  Fire/Transmutation/Poison    3
   b - Fireball                       Conjuration/Fire             5
   c - Bolt of Fire                   Conjuration/Fire             6
   d - Delayed Fireball               Conjuration/Fire             7
   e - Ring of Flames                 Charms/Fire                  7
 P - a book of Frost

   Spells                             Type                      Level
   a - Freeze                         Ice                          1
   b - Throw Frost                    Conjuration/Ice              2
   c - Ozocubu's Armour               Charms/Ice                   3
   d - Throw Icicle                   Conjuration/Ice              4
   e - Summon Ice Beast               Ice/Summoning                4
Comestibles
 f - 4 bread rations
 g - 4 royal jellies
 k - 13 meat rations
 n - 22 fruits


   Skills:
 + Level 12.6(17.6) Fighting
 * Level 16.5(21.5) Long Blades
 + Level 12.5(17.5) Armour
 - Level 5.4(10.4) Shields
 * Level 9.0 Invocations
 + Level 4.4 Evocations


You had 12 spell levels left.
You didn't know any spells.

Dungeon Overview and Level Annotations

Branches:
Dungeon (11/15)            Temple (1/1) D:6            Lair (6/6) D:10
 Shoals (0/4) Lair:3       Spider (0/4) Lair:4
  Slime: Lair:5-6       Orc: D:9-12

Altars:
Ashenzari
Cheibriados
Dithmenos
Elyvilon
Fedhas
Gozag
Hepliaklqana
Kikubaaqudgha
Makhleb
Nemelex Xobeh
Okawaru
Qazlal
Ru
Sif Muna
Trog
Uskayaw
Vehumet
Xom
Yredelemnul
Zin
The Shining One

Shops:
D:4 ?   D:6 =   D:8 (   D:10 =(}(


Innate Abilities, Weirdness & Mutations

You reflexively headbutt those who attack you in melee.
You have a pair of horns on your head.


Message History

You headbutt the black mamba!!
You riposte.
You slash the black mamba!
You kill the black mamba!
Okawaru accepts your kill.
You swing at nothing.
* * * LOW HITPOINT WARNING * * *
You feel very sick. The black mamba bites you.
* * * LOW HITPOINT WARNING * * *
You are more poisoned.
The black mamba poisons you!
You barely miss the black mamba.
* * * LOW HITPOINT WARNING * * *
You feel very sick. The black mamba bites you!
* * * LOW HITPOINT WARNING * * *
You are more poisoned.
The black mamba poisons you!
You hit the black mamba. Your headbutt misses the black mamba.
The black mamba is lightly wounded.
You die...

#.#P...........
................
.[..............
.................
.................
.................
.................
........S..P.....
.......#@...P...
....#.##....##..
.## ... ## ##..(#
.... # ##...#
...##..
#.#..#####.......
##.#...##.#......
##.#............
##.#.....#.....
#..#...#......


You could see a black mamba.

Vanquished Creatures
  A hydra (Lair:4)
  2 two-headed ogres
  A necromancer (IceCv)
  Pikel (D:6)
  4 black mambas
  An ice statue (IceCv)
  A torpor snail (Lair:4)
  5 spiny frogs
  10 freezing wraiths (IceCv)
  3 rime drakes
  5 komodo dragons
  A troll (D:9)
  A merfolk (D:10)
  A jumping spider (Lair:4)
  A wolf spider simulacrum (IceCv)
  A slime creature (Lair:1)
  10 hippogriffs
  4 dream sheep (Lair:4)
  11 blink frogs
  2 redbacks (Lair:4)
  A shadow (D:10)
  3 wyverns
  2 steam dragons (D:5)
  2 basilisks
  30 yaks
  A death yak simulacrum (IceCv)
  Duvessa (D:6)
  9 porcupines
  9 water moccasins
  A swamp drake (D:10)
  4 slaves (D:6)
  2 orc warriors
  6 ice beasts (IceCv)
  2 sky beasts
  A black bear (D:8)
  2 phantoms
  7 ogres
  A necrophage (D:10)
  10 wolves
  8 centaurs
  8 crocodiles
  The ghost of Shenda the Conjurer, an amateur DECj (D:3)
  A big kobold (D:10)
  A wyvern zombie (D:8)
  16 bullfrogs
  Dowan (D:6)
  11 scorpions
  11 killer bees
  2 elephant simulacra (IceCv)
  9 wights (D:10)
  4 howler monkeys
  A bullfrog zombie (D:5)
  6 crimson imps
  2 centaur zombies
  2 draconian simulacra (IceCv)
  5 hounds
  6 jellies (Lair:1)
  3 centaur skeletons
  3 orc priests
  4 bullfrog skeletons
  5 iguanas
  An iron imp (D:9)
  A gnoll shaman (D:9)
  Jessica (D:3)
  11 orc wizards
  6 troll simulacra (IceCv)
  9 worker ants
  5 centaur simulacra (IceCv)
  A hound skeleton (D:4)
  A worker ant zombie (D:7)
  13 adders
  13 gnolls
  3 river rats (D:5)
  4 naga simulacra (IceCv)
  3 ogre simulacra (IceCv)
  5 shadow imps
  12 white imps (IceCv)
  17 oozes
  2 adder skeletons
  A worm (D:5)
  A dart slug (D:1)
  4 leopard geckos
  37 orcs
  5 bats
  5 giant cockroaches
  8 goblins
  3 hobgoblins
  19 jackals
  6 quokkas
  3 frilled lizards
  A goblin skeleton (D:9)
  3 goblin zombies (D:9)
  A hobgoblin zombie (D:9)
  A jackal skeleton (D:5)
  17 kobolds
  A kobold zombie (D:9)
  A leopard gecko zombie (D:7)
  An orc skeleton (D:9)
  A quokka zombie (D:5)
  10 rats
  A plant (Lair:4)
508 creatures vanquished.

Vanquished Creatures (others)
  7 fungi
  3 plants
10 creatures vanquished.

Grand Total: 518 creatures vanquished

Notes
Turn   | Place    | Note
-------+----------+-------------------------------------------
     0 | D:1      | kae the Minotaur Fighter began the quest for the Orb.
     0 | D:1      | Reached XP level 1. HP: 19/19 MP: 0/0
   137 | D:1      | Reached XP level 2. HP: 27/27 MP: 1/1
   210 | D:1      | Reached skill level 3 in Long Blades
   482 | D:1      | Reached XP level 3. HP: 31/33 MP: 2/2
  1405 | D:3      | Noticed Shenda's ghost (amateur DECj)
  1413 | D:3      | Killed Shenda's ghost
  1413 | D:3      | Reached skill level 4 in Long Blades
  1413 | D:3      | Reached XP level 4. HP: 31/41 MP: 3/3
  1474 | D:3      | Reached XP level 5. HP: 30/47 MP: 4/4
  1589 | D:3      | Noticed Jessica
  1599 | D:3      | Reached skill level 5 in Armour
  1602 | D:3      | Killed Jessica
  1602 | D:3      | Reached skill level 5 in Fighting
  1866 | D:3      | Reached skill level 5 in Long Blades
  1940 | D:3      | Reached XP level 6. HP: 53/56 MP: 5/5
  2135 | D:4      | Reached skill level 5 in Shields
  2516 | D:4      | Reached XP level 7. HP: 59/61 MP: 6/6
  2600 | D:4      | Reached skill level 6 in Long Blades
  2990 | D:4      | Found Zifuh's Magic Scroll Shoppe.
  2998 | D:4      | Bought a scroll of identify for 22 gold pieces
  2998 | D:4      | Bought a scroll of identify for 22 gold pieces
  3185 | D:5      | Entered Level 5 of the Dungeon
  3401 | D:5      | Reached skill level 7 in Long Blades
  3442 | D:5      | Found a glowing silver altar of Zin.
  3529 | D:5      | Reached XP level 8. HP: 7/71 MP: 7/7
  3615 | D:5      | Reached skill level 8 in Long Blades
  3716 | D:5      | Found a deep blue altar of Sif Muna.
  4454 | D:6      | Found Maocw's Jewellery Shop.
  4467 | D:6      | Noticed Pikel
  4594 | D:6      | Killed Pikel
  4594 | D:6      | Reached skill level 9 in Long Blades
  4689 | D:6      | Reached XP level 9. HP: 78/80 MP: 8/8
  4710 | D:6      | Noticed Dowan
  4711 | D:6      | Noticed Duvessa
  4730 | D:6      | Killed Duvessa
  4730 | D:6      | Reached skill level 10 in Long Blades
  4761 | D:6      | Killed Dowan
  4769 | D:6      | Found a staircase to the Ecumenical Temple.
  4854 | Temple   | Entered the Ecumenical Temple
  5124 | Temple   | Became a worshipper of Warmaster Okawaru
  5968 | D:7      | Reached * piety under Okawaru
  5968 | D:7      | Reached skill level 11 in Long Blades
  6161 | D:7      | Found a burning altar of Makhleb.
  6820 | D:8      | Found a stormy altar of Qazlal.
  6915 | D:8      | Reached XP level 10. HP: 40/91 MP: 6/9
  6988 | D:8      | Reached skill level 12 in Long Blades
  7000 | D:8      | Reached ** piety under Okawaru
  7199 | D:8      | Found Ilemmuk's Weapon Shop.
  7388 | D:8      | Noticed a two-headed ogre
  7400 | D:8      | HP: 1/91 [two-headed ogre/giant club (23)]
  7401 | D:8      | Killed a two-headed ogre
  8154 | D:9      | Found a glowing golden altar of the Shining One.
  8442 | D:9      | Found a hide-covered altar of Uskayaw.
  8482 | D:9      | Reached skill level 10 in Fighting
  8652 | D:9      | Reached skill level 13 in Long Blades
  8710 | D:9      | Reached *** piety under Okawaru
  8710 | D:9      | Reached skill level 10 in Armour
  9024 | D:10     | Entered Level 10 of the Dungeon
  9135 | D:10     | Found Moshrih's Gadget Shoppe.
  9556 | D:10     | Reached skill level 1 in Invocations
  9577 | D:10     | Found Uxymadi's Antique Weapon Shop.
  9585 | D:10     | Bought a runed falchion for 261 gold pieces
  9838 | D:10     | Found Ofituif's Weapon Shoppe.
  9898 | D:10     | Reached **** piety under Okawaru
  9921 | D:10     | Reached XP level 11. HP: 101/101 MP: 11/11
  9922 | D:10     | Found a staircase to the Lair.
 10707 | D:10     | Found Bacoav's Jewellery Shoppe.
 10715 | D:10     | Bought a cursed amulet of inaccuracy for 30 gold pieces
 11358 | D:11     | Reached skill level 14 in Long Blades
 11805 | D:11     | Reached ***** piety under Okawaru
 12201 | D:11     | Noticed a two-headed ogre
 12221 | D:11     | Killed a two-headed ogre
 12815 | Lair:1   | Entered Level 1 of the Lair of Beasts
 12831 | Lair:1   | Received a gift from Okawaru
 12911 | Lair:1   | Reached skill level 5 in Invocations
 13515 | Lair:1   | Found a frozen archway.
 13519 | IceCv    | Entered an ice cave
 13632 | IceCv    | Received a gift from Okawaru
 13850 | IceCv    | Received a gift from Okawaru
 13856 | IceCv    | Got a translucent cloak {god gift}
 14085 | IceCv    | Identified the +0 cloak of Cefahoax {MR+ Dex+2} (Okawaru gifted it to you in an ice cave)
 14110 | IceCv    | Reached XP level 12. HP: 98/110 MP: 7/15
 14118 | IceCv    | Reached skill level 15 in Long Blades
 14605 | IceCv    | Found an ancient bone altar of Kikubaaqudgha.
 16063 | Lair:2   | Reached skill level 1 in Evocations
 16757 | Lair:2   | Noticed a six-headed hydra
 17397 | Lair:2   | Received a gift from Okawaru
 17808 | Lair:3   | Noticed a four-headed hydra
 17811 | Lair:3   | Found a staircase to the Shoals.
 18897 | Lair:3   | Reached skill level 16 in Long Blades
 19364 | Lair:4   | Found a hole to the Spider Nest.
 19382 | Lair:4   | Reached XP level 13. HP: 76/119 MP: 16/18
 20195 | Lair:4   | Received a gift from Okawaru
 20412 | Lair:4   | Found a runed door.
 22465 | Lair:6   | Entered Level 6 of the Lair of Beasts
 22707 | Lair:6   | HP: 5/119 [black mamba (10)]
 22708 | Lair:6   | Succumbed to a black mamba's poison

Vault maps used:
D:1:      minmay_arrival_semitransparent
D:2:      minmay_wonky_spiral
D:3:      first_bread, nrook_mini_vaults, uniq_jessica
D:4:      serial_shops, shop
D:5:      kennysheep_steamy, zin_statuary, portal_sewer_entry_e, led_sif_pool
D:6:      minmay_temple_entry_purple_smoke, serial_shops, shop_coins,
          uniq_duvessa, uniq_pikel
D:7:      bloody_makhleb
D:8:      old_standard_altar, serial_shops, nicolae_shop_crystal
D:9:      nicolae_tso_besieged_by_evil, nicolae_overflow_hidden_temple,
          serial_glass, glass_columns_a, glass_columns_a
D:10:     erik_lair_dragon, serial_shops, shop, kennysheep_mini_moat,
          nicolae_shop_crystal, shop, hangedman_stone_soup
D:11:     stair_cage_line
Temple:   nicolae_temple_elliptical
Lair:1:   lemuel_slime, portal_ice_cave_entry_pillars_2
Lair:2:   statuecave_lemuel, lemuel_fruit_tree
Lair:3:   minmay_shoals_entry_centaurs, minivault_23
Lair:4:   spider_nest_entry_a, pf_torpor_hydra
Lair:6:   minmay_lair_end_enchanted_forest, minmay_slime_entry_oklob_open
IceCv:    ice_cave_small_necro

Skill      XL: |  1  2  3  4  5  6  7  8  9 10 11 12 13 |
---------------+----------------------------------------+-----
Long Blades    | 3 4 5 7 9 11 13 14 16 | 16.5
Armour         | 4 5 6 7 9 10 11 12 | 12.5
Fighting       | 4 5 6 7 9 10 11 12 | 12.6
Shields        | 4 5 |  5.4
Invocations    | 2 6 8 9 |  9.0
Evocations     | 3 4 |  4.4

Action                   |  1- 3 |  4- 6 |  7- 9 | 10-12 | 13-15 || total
-------------------------+-------+-------+-------+-------+-------++-------
Melee: Long sword        |    99 |   107 |   433 |   241 |       ||   880
       Headbutt          |    15 |    22 |    96 |   252 |    32 ||   417
       Falchion          |       |       |       |   797 |    75 ||   872
       Great sword       |       |       |       |       |    95 ||    95
Invok: Heroism           |       |       |     5 |    31 |     3 ||    39
       Finesse           |       |       |       |     3 |       ||     3
Evoke: Wand              |       |       |       |     1 |     6 ||     7
  Use: Scroll            |     5 |     1 |    14 |     7 |     4 ||    31
       Potion            |       |     5 |     3 |     5 |       ||    13
 Stab: Distracted        |       |       |       |     1 |       ||     1
  Eat: Chunk             |       |     5 |    15 |    33 |    10 ||    63
       Fruit             |       |       |       |     2 |     1 ||     3
       Royal jelly       |       |       |       |     2 |       ||     2
Armor: Scale mail        |    42 |    44 |   110 |   245 |    74 ||   515
Dodge: Dodged            |    31 |    20 |   115 |   253 |    77 ||   496
Block: Shield            |    54 |    51 |   186 |   414 |    24 ||   729
       Rpst.: Long sword |    10 |     6 |    38 |    16 |       ||    70
       Falchion          |       |       |       |    50 |     1 ||    51
       Great sword       |       |       |       |       |    12 ||    12
